 Dungeon Crawl Stone Soup version 0.30-a0-465-g8901f6c8b5 (webtiles) character file.

Game seed: 7552451295498540926

96 Mitcholas the Chopper (level 4, -2/41 HPs)
             Began as a Hill Orc Monk on Dec 18, 2022.
             Killed from afar by Natasha (7 damage)
             ... with a magic dart
             ... on level 2 of the Dungeon.
             The game lasted 00:02:39 (1273 turns).

Mitcholas the Chopper (Hill Orc Monk)               Turns: 1273, Time: 00:02:39

Health: -2/41      AC:  3    Str: 15    XL:     4   Next: 67%
Magic:  4/4        EV: 12    Int: 10    God:
Gold:   19         SH:  0    Dex: 13    Spells: 3/3 levels left

rFire   . . .      SeeInvis .    a - +0 hand axe
rCold   . . .      Faith    .    (no shield)
rNeg    . . .      Spirit   .    k - +0 leather armour
rPois   .          Reflect  .    (no helmet)
rElec   .          Harm     .    (no cloak)
rCorr   .          Rampage  .    (no gloves)
Will    .....                    (no boots)
Stlth   ++........               (no amulet)
HPRegen 0.26/turn                (no ring)
MPRegen 0.09/turn                (no ring)

@: slowed, very slow
A: no striking features
a: no special abilities


You were on level 2 of the Dungeon.
You visited 1 branch of the dungeon, and saw 2 of its levels.

You collected 19 gold pieces.

Inventory:

Hand Weapons
 a - a +0 hand axe (weapon)
Armour
 k - a +0 leather armour (worn)
Scrolls
 d - 2 scrolls of identify {unknown}
 e - a scroll of enchant armour {unknown}
 g - a scroll of fog {unknown}
 h - 2 scrolls of vulnerability {unknown}
 i - a scroll of enchant weapon {unknown}
Potions
 b - a potion of haste {unknown}
 c - a potion of ambrosia
 f - a potion of mutation {unknown}
 j - 2 potions of lignification {unknown}


   Skills:
 + Level 4.4 Fighting
 * Level 5.7 Axes
 + Level 2.0 Armour
 - Level 2.4 Dodging
 - Level 1.5 Stealth


You had 3 spell levels left.
You didn't know any spells.
Your spell library contained the following spells:

 Spells                   Type           Power      Damage    Failure   Level
 Hailstorm                Conj/Ice       0%         3d3       80%         3
 Ice Form                 Ice/Tmut       0%         N/A       99%         4
 Simulacrum               Ice/Necr       0%         N/A       100%        6


Dungeon Overview and Level Annotations

Branches:
Dungeon (2/15)

Altars:

Shops:
D:2 :

Annotations:
D:2 Natasha


Message History

Found 11 gold pieces.
You now have 19 gold pieces (gained 2).
You start resting.
Natasha, Servant of Life and Death comes into view.
She is carrying a wand of polymorph (6).
Natasha casts a spell at you. The magic dart hits you!
You barely miss Natasha.
Natasha casts a spell.
You hit Natasha.
Natasha is moderately wounded.
Natasha casts a spell at you.
You feel yourself slow down.
The crimson imp blinks!
You hit Natasha but do no damage.
Natasha is moderately wounded.
Natasha claws you.
The crimson imp lashes its tail.
The crimson imp blinks!
You hit Natasha.
Natasha is heavily wounded.
You closely miss the crimson imp. Natasha claws you.
The crimson imp lashes its tail.
The crimson imp hits you. Natasha casts a spell at you.
The magic dart hits you!
* * * LOW HITPOINT WARNING * * *
The crimson imp barely misses you.
You closely miss Natasha.
Natasha is heavily wounded.
You hit the crimson imp but do no damage.
Natasha stares at you and mumbles some strange words.
The magic dart hits you.
* * * LOW HITPOINT WARNING * * *
The crimson imp hits you.
* * * LOW HITPOINT WARNING * * *
You hit Natasha.
Natasha is severely wounded.
You hit the crimson imp but do no damage.
Natasha casts a spell at you. The magic dart hits you!
You die...

.................
#...............
#...............
#............#.###### #
#............#.......
#.#............#######.
#<.............# #.
.###............# #.
......5@...####.# #.
#####..h...# #.# ####.
#.....†####.# #....
##..........####....
#.....#.......#.###
#.....#........>#
.....###.......###
......# #.......#
....^. #########


You could see Natasha and a crimson imp (summoned).

Vanquished Creatures
  Natasha (twice) (D:2)
  An adder (D:2)
  A dart slug (D:2)
  4 ball pythons (D:1)
  A bat (D:1)
  5 endoplasms (D:1)
  A giant cockroach (D:1)
  A goblin (D:1)
  3 hobgoblins (D:1)
  4 jackals (D:1)
  2 quokkas
  5 kobolds (D:1)
  3 rats (D:1)
33 creatures vanquished.

Notes
Turn   | Place    | Note
-------+----------+-------------------------------------------
     0 | D:1      | Mitcholas the Hill Orc Monk began the quest for the Orb.
     0 | D:1      | Reached XP level 1. HP: 19/19 MP: 1/1
    78 | D:1      | Reached XP level 2. HP: 13/27 MP: 2/2
   261 | D:1      | Reached skill level 1 in Armour
   346 | D:1      | Reached XP level 3. HP: 26/33 MP: 3/3
   856 | D:1      | Reached skill level 5 in Axes
  1009 | D:2      | Noticed Natasha
  1016 | D:2      | Killed Natasha
  1017 | D:2      | Reached XP level 4. HP: 23/40 MP: 4/4
  1093 | D:2      | Found Pael's Book Emporium.
  1203 | D:2      | Noticed Natasha
  1213 | D:2      | Killed Natasha
  1264 | D:2      | Noticed Natasha
  1273 | D:2      | Killed from afar by Natasha

Illustrated notes

Levels and vault maps discovered:
D:1:      lightli_arrival_quake, layout_loops_ring
D:2:      layout_basic, serial_shops, shop_fountains, uniq_natasha

Skill      XL: |  1  2  3  4 |
---------------+-------------+-----
Armour         | 1 2 |  2.0
Fighting       | 4 |  4.4
Axes           | 5 |  5.7
Dodging        | |  2.4
Stealth        | |  1.5

Action                   |  1- 3 |  4- 6 || total
-------------------------+-------+-------++-------
Melee: Hand axe          |   100 |    22 ||   122
       Punch             |     2 |       ||     2
 Stab: Sleeping          |     2 |       ||     2
Armor: Robe              |    21 |       ||    21
       Leather armour    |       |     3 ||     3
Dodge: Dodged            |    72 |     7 ||    79

Table legend: (Time is in decaauts)
 A = Elapsed time spent in this place.
 B = Non-inter-level travel time spent in this place.
 C = Inter-level travel time spent in this place.
 D = Time resting spent in this place.
 E = Time spent auto-exploring this place.
 F = Levels seen in this place.
 G = Mean time per level.
                   A        B        C        D        E       F      G
               +--------+--------+--------+--------+--------+-----+--------+
         Total |   1291 |   1272 |     19 |    204 |    713 |   2 |  645.5 |
       Dungeon |   1291 |   1272 |     19 |    204 |    713 |   2 |  645.5 |
               +--------+--------+--------+--------+--------+-----+--------+

Top non-repeatable levels by time:
     D:1: 896 daAuts
     D:2: 395 daAuts
